 Dungeon Crawl Stone Soup version 0.30.1 (webtiles) character file.

Game seed: 12303847861923778031

2436 Heoruswealwe the Thaumaturge (level 9, -6/45 HPs)
             Began as a Deep Elf Conjurer on July 13, 2023.
             Shot with an arrow by a centaur (7 damage)
             ... on level 7 of the Dungeon on July 14, 2023.
             The game lasted 01:16:57 (6382 turns).

Heoruswealwe the Thaumaturge (Deep Elf Conjurer)    Turns: 6382, Time: 01:16:58

Health: -6/45      AC:  4    Str:  4    XL:     9   Next: 25%
Magic:  18/26      EV: 12    Int: 28    God:
Gold:   1275       SH:  0    Dex: 13    Spells: 0/31 levels left

rFire   . . .        b - +0 rapier
rCold   . . .        (no shield)
rNeg    . . .        c - +0 robe
rPois   .            g - +0 helmet
rElec   .            h - +0 cloak
rCorr   .            (no gloves)
SInv    +            (no boots)
Will    +....        (no amulet)
Stlth   ++           k - ring of willpower
HPRegen 0.27/turn    j - ring of see invisible
MPRegen 0.20/turn

%: no passive effects
@: attractive
A: no striking features
a: no special abilities


You were on level 7 of the Dungeon.
You visited 2 branches of the dungeon, and saw 8 of its levels.
You also visited: Ossuary.

You collected 1275 gold pieces.

Inventory:

Hand Weapons
 b - a +0 rapier (weapon)
 s - a +0 war axe
Armour
 c - a +0 robe (worn)
 g - a +0 helmet (worn)
 h - a +0 cloak (worn)
Jewellery
 j - a ring of see invisible (right hand)
 k - a ring of willpower (left hand)
Wands
 q - a wand of light (10)
 y - a wand of charming (12)
Scrolls
 a - 2 scrolls of enchant weapon
 d - 2 scrolls of blinking
 e - 3 scrolls of fog
 f - 3 scrolls of immolation
 l - 5 scrolls of teleportation
 m - a scroll of magic mapping
 o - 3 scrolls of enchant armour
 p - a scroll of poison
 r - a scroll of amnesia {unknown}
 t - 4 scrolls of fear {unknown}
Potions
 n - 2 potions of attraction
 u - 3 potions of magic
 v - a potion of cancellation
 w - 2 potions of berserk rage {unknown}
 z - a potion of brilliance {unknown}


   Skills:
 - Level 2.4 Dodging
 - Level 2.4 Stealth
 + Level 11.8 Spellcasting
 + Level 10.6 Conjurations


You couldn't memorise any spells.
You knew the following spells:

 Your Spells              Type           Power      Damage    Failure   Level
a - Magic Dart            Conj           100%       1d8       1%          1
b - Searing Ray           Conj           100%       2d8       1%          2
c - Dazzling Flash        Conj/Hex       92%        N/A       1%          3
d - Stone Arrow           Conj/Erth      92%        3d12      1%          3
e - Hailstorm             Conj/Ice       46%        3d11      1%          3
f - Fulminant Prism       Conj/Hex       23%        3d12      3%          4
g - Iskenderun's Mystic   Conj/Tloc      46%        2d10      3%          4
h - Flame Wave            Conj/Fire      46%        2d12      3%          4
i - Fireball              Conj/Fire      23%        3d11      11%         5
z - Passwall              Tmut/Erth      13%        N/A       4%          2

Your spell library contained the following spells:

 Spells                   Type           Power      Damage    Failure   Level
 Iskenderun's Battlesphe  Conj           66%        2d12      1%          5
 Apportation              Tloc           32%        N/A       3%          1
 Freeze                   Ice            64%        1d7       3%          1
 Sandblast                Erth           32%        2d9       3%          1
 Ensorcelled Hibernation  Hex/Ice        32%        N/A       4%          2
 Scorch                   Fire           32%        2d6       4%          2
 Frozen Ramparts          Ice            32%        1d5       10%         3
 Swiftness                Air            16%        N/A       10%         3
 Orb of Destruction       Conj           33%        9d10      34%         7
 Conjure Ball Lightning   Conj/Air       23%        3x3d6     50%         6
 Alistair's Intoxication  Tmut/Pois      10%        N/A       67%         5
 Summon Cactus Giant      Summ           8%         N/A       99%         6


Dungeon Overview and Level Annotations

Branches:
Dungeon (7/15)             Temple (1/1) D:5         Ossuary (visited)

Altars:
Cheibriados
Dithmenos
Fedhas
Gozag
Hepliaklqana
Kikubaaqudgha
Makhleb
Nemelex Xobeh
Okawaru
Qazlal
Ru
Sif Muna
Trog
Uskayaw
Wu Jian
Yredelemnul
Zin
The Shining One

Shops:
D:6 :


Message History

The magic dart hits the centaur but does no damage.
The centaur is moderately wounded.
The centaur shoots an arrow.
The arrow barely misses you.
Casting: Magic Dart (safe; 1% risk of failure)
Confirm with . or Enter, or press ? or * to list all spells.
Aiming: Fulminant Prism (dangerous; 3% risk of failure)
Press: ? - help, Dir - move target, p - centaur You miscast Fulminant Prism.
You are very lightly contaminated with residual magic.
You hear an indistinct dissonance whispering inside your mind.
You feel yourself slow down.
The centaur shoots an arrow.
The arrow hits you!
The centaur shoots an arrow.
The arrow closely misses you.
The centaur shoots an arrow.
The arrow hits you.
Casting: Fulminant Prism (dangerous; 3% risk of failure)
Confirm with . or Enter, or press ? or * to list all spells.
Aiming: Fulminant Prism (dangerous; 3% risk of failure)
Press: ? - help, Dir - move target You conjure a prism of explosive energy!
A fulminant prism comes into view.
The centaur shoots an arrow.
The arrow hits your fulminant prism! Something hits your fulminant prism.
Your fulminant prism detonates feebly.
The centaur wields a +0 shortbow.
The centaur shoots an arrow.
The arrow barely misses you.
The centaur shoots an arrow.
The arrow hits you!
* * * LOW HITPOINT WARNING * * *
You feel better.
You feel yourself speed up.
The centaur shoots an arrow.
The arrow barely misses you.
The centaur shoots an arrow.
The arrow hits you!
* * * LOW HITPOINT WARNING * * *
It was a potion of attraction.
You feel attractive to monsters.
The centaur shoots an arrow.
The arrow hits you.
* * * LOW HITPOINT WARNING * * *
Your magical contamination has completely faded away.
The centaur is attracted toward you.
It was a potion of cancellation.
Your magical effects are unravelling.
You feel magically purged.
The centaur shoots an arrow.
The arrow hits you!
You die...

... #...............#
..#####............####
#.................#
#.................#
#.................#
#.................#
#.................#
#.................#
#...c..@.......[..#
.....ยง.######.....#####
....... #.....# .......
#.....# ....... #.....#
....... #.....# .c.....
#.....# ....... #.....#
#.....#


You could see a centaur.

Vanquished Creatures
  Sigmund (D:3)
  Edmund (D:4)
  3 water moccasins
  Duvessa (D:4)
  An ice beast (D:6)
  2 black bears
  An ogre (D:5)
  A centaur (D:6)
  A gnoll sergeant (D:5)
  A scorpion (D:4)
  3 wights (D:7)
  Dowan (D:4)
  4 killer bees (D:5)
  A howler monkey (D:5)
  A human zombie (Ossuary)
  A centaur zombie (Ossuary)
  A jelly (D:5)
  A hound (D:4)
  A gnoll bouda (D:5)
  2 orc priests
  Ijyb (D:3)
  5 orc wizards
  4 mummies (Ossuary)
  16 gnolls
  8 adders
  A shadow imp (D:5)
  A white imp (D:7)
  3 ufetubi
  2 worms
  3 dart slugs
  22 orcs
  5 endoplasms
  2 giant cockroaches
  2 goblins
  4 hobgoblins
  4 jackals (D:2)
  3 quokkas
  6 ball pythons
  3 bats
  3 frilled lizards
  3 gnoll zombies (Ossuary)
  2 hobgoblin zombies (Ossuary)
  4 kobolds
  A kobold zombie (Ossuary)
  10 rats
147 creatures vanquished.

Vanquished Creatures (others)
  7 fulminant prisms
7 creatures vanquished.

Grand Total: 154 creatures vanquished

Notes
Turn   | Place    | Note
-------+----------+-------------------------------------------
     0 | D:1      | Heoruswealwe the Deep Elf Conjurer began the quest for the
                  | Orb.
     0 | D:1      | Reached XP level 1. HP: 10/10 MP: 6/6
   258 | D:1      | Reached XP level 2. HP: 15/15 MP: 3/8
   261 | D:1      | Learned a level 2 spell: Searing Ray
   722 | D:2      | Reached skill level 4 in Spellcasting
   722 | D:2      | Reached skill level 5 in Conjurations
   722 | D:2      | Reached XP level 3. HP: 19/19 MP: 4/10
   726 | D:2      | Learned a level 3 spell: Dazzling Flash
   955 | D:2      | Reached XP level 4. HP: 24/24 MP: 10/12
   960 | D:2      | Learned a level 4 spell: Fulminant Prism
  1038 | D:2      | Identified the +0 leather armour "Qetonk" {rN+ Str+4}
  1145 | D:1      | You fall into a shaft and drop 1 floor!
  1183 | D:2      | Reached skill level 5 in Spellcasting
  1199 | D:2      | HP: 1/24 [orc priest/divine providence (9)]
  1514 | D:2      | Found a faded altar of an unknown god.
  1522 | D:2      | Reached XP level 5. HP: 28/28 MP: 8/14
  1527 | D:2      | Learned a level 4 spell: Iskenderun's Mystic Blast
  2235 | D:3      | Noticed Sigmund
  2241 | D:3      | Killed Sigmund
  2242 | D:3      | Reached skill level 6 in Spellcasting
  2242 | D:3      | Reached XP level 6. HP: 32/32 MP: 10/17
  2246 | D:3      | Learned a level 3 spell: Stone Arrow
  2275 | D:3      | Noticed Ijyb
  2280 | D:3      | Killed Ijyb
  2637 | D:4      | Found an iron altar of Okawaru.
  2667 | D:4      | Reached skill level 7 in Spellcasting
  2724 | D:4      | Noticed Duvessa
  2727 | D:4      | Noticed Dowan
  2736 | D:4      | HP: 1/32 [Duvessa/+0 short sword (6)]
  2740 | D:4      | Killed Duvessa
  2741 | D:4      | Killed Dowan
  2742 | D:4      | Reached XP level 7. HP: 6/36 MP: 16/20
  3025 | D:4      | Noticed Edmund
  3032 | D:4      | Killed Edmund
  3033 | D:4      | Reached skill level 8 in Spellcasting
  3172 | D:4      | Learned a level 3 spell: Hailstorm
  3342 | D:5      | Entered Level 5 of the Dungeon
  3347 | D:5      | Found a sand-covered staircase.
  3383 | Ossuary  | Entered an ossuary
  3972 | D:5      | Reached skill level 9 in Spellcasting
  3972 | D:5      | Reached XP level 8. HP: 8/41 MP: 5/23
  4101 | D:4      | Learned a level 4 spell: Flame Wave
  4427 | D:5      | Reached skill level 10 in Spellcasting
  4606 | D:5      | Found a staircase to the Ecumenical Temple.
  4613 | Temple   | Entered the Ecumenical Temple
  5229 | D:5      | Learned a level 2 spell: Passwall
  5244 | D:6      | Reached skill level 11 in Spellcasting
  5244 | D:6      | Reached skill level 10 in Conjurations
  5456 | D:6      | Reached XP level 9. HP: 45/45 MP: 19/26
  5532 | D:6      | Found a basalt altar of Yredelemnul.
  5656 | D:6      | Found an ornate altar of the Wu Jian Council.
  5810 | D:6      | Identified 2 scrolls of acquirement
  5811 | D:6      | Acquired a book of the Spheres
  5819 | D:6      | Learned a level 5 spell: Fireball
  5882 | D:6      | Found Reitiel's Book Shop.
  5883 | D:6      | Noticed a walking earthen tome
  5883 | D:6      | Noticed a walking frostbound tome
  5933 | D:6      | Acquired 851 gold pieces
  6381 | D:7      | HP: 1/45 [centaur/arrow (5)]
  6382 | D:7      | Shot with an arrow by a centaur

Illustrated notes

Levels and vault maps discovered:
D:1:      wander_arrival_fairy_ring, layout_rooms, minmay_misc_feat_square,
          minmay_tetromino_o4
D:2:      cheibrodos_pilgrimage, layout_basic, ebering_ecumenical_altar_webs,
          serial_bayou_pond_a
D:3:      layout_basic, uniq_ijyb, uniq_sigmund
D:4:      layout_loops_ring, okawaru_ov_weapons_minmay, uniq_duvessa,
          uniq_edmund
D:5:      layout_basic, minmay_temple_entry_arrows, nicolae_ossuary_entry_ruins
D:6:      layout_basic, yredelemnul_altar_generic, mainiacjoe_overflow_alcove_1,
          serial_shops, nicolae_shop_mannequins
D:7:      layout_gridville
Temple:   nicolae_temple_bog_church

Skill      XL: |  1  2  3  4  5  6  7  8 |
---------------+-------------------------+-----
Spellcasting   | 4 5 6 7 9 11 | 11.8
Conjurations   | 5 6 7 8 10 | 10.6
Dodging        | |  2.4
Stealth        | |  2.4

Action                     |  1- 3 |  4- 6 |  7- 9 || total
---------------------------+-------+-------+-------++-------
  Melee: Unarmed           |    46 |     9 |       ||    55
         Punch             |     1 |       |       ||     1
         Rapier            |       |       |    14 ||    14
   Cast: Magic Dart        |    62 |    88 |    96 ||   246
         Searing Ray       |       |     2 |     7 ||     9
         Stone Arrow       |       |     8 |    63 ||    71
         Fulminant Prism   |       |     1 |     6 ||     7
         Iskenderun's Myst |       |       |     5 ||     5
         Passwall          |       |       |     1 ||     1
    Use: Potion            |       |     4 |     5 ||     9
         Scroll            |       |     1 |     9 ||    10
 Armour: Robe              |     1 |     6 |    17 ||    24
  Dodge: Dodged            |     8 |    16 |    41 ||    65
